Map: Nightscape LE

Players

canublowme

  • Race: Zerg Zerg
  • League: Diamond
  • Spawn Location: 1:00

DerDim

  • Race: Protoss Protoss
  • Spawn Location: 1:00

Massa - Winner!

  • Race: Terran Terran
  • League: Platinum
  • Spawn Location: 7:00

qqq - Winner!

  • Race: Zerg Zerg
  • League: Platinum
  • Spawn Location: 7:00

VOD

Have the link to the VOD?

Description

Time

  • Played on: Dec. 7, 2020, 2:59 p.m.
  • Length: 4:03
Show
View Real Time Build Order
Export as new Build Order

canublowme Zerg 

Build Orders: Hatch First 

Get SALT Encoding   

  12  0:01  Drone  
  13  0:12  Overlord  
  13  0:19  Drone  
  14  0:34  Drone x2  
  16  0:36  Drone  
  17  0:58  Hatchery  
  16  1:05  Drone  
  16  1:11  Spawning Pool  
  16  1:15  Extractor, Drone  
  16  1:19  Drone  
  17  1:41  Overlord  
  17  1:42  Drone  
  17  1:44  Drone  
  19  1:58  Queen, Zergling x2  
  22  2:05  Zergling x2  
  23  2:12  Zergling x2  
  24  2:15  Queen  
  24  2:16  Zergling x2  
  26  2:30  Zergling x4  
  27  2:44  Zergling x6  
  29  2:53  Baneling Nest  
  29  2:54  Zergling x4  
  28  3:09  Zergling x2  
  28  3:10  Zergling x4  
  30  3:13  Spine Crawler  
  29  3:25  Overlord  
  24  3:39  Baneling  
  24  3:40  Baneling  
  22  3:42  Baneling x3  
  22  3:44  Zergling x2  
  22  3:45  Zergling x4  
Show
View Real Time Build Order
Export as new Build Order

DerDim Protoss 

Build Orders: Dark Templar Rush 

Get SALT Encoding   

  12  0:00  Probe  
  13  0:13  Probe  
  14  0:22  Pylon  
  14  0:25  Probe (Chrono Boost)  
  15  0:38  Probe (Chrono Boost)  
  15  0:41  Gateway  
  16  0:52  Assimilator  
  16  0:56  Probe  
  17  0:58  Assimilator  
  17  1:08  Probe (Chrono Boost)  
  18  1:20  Probe (Chrono Boost)  
  19  1:29  Zealot  
  21  1:34  Cybernetics Core  
  21  1:37  Gateway  
  21  1:43  Gateway  
  21  1:44  Probe  
  22  2:01  Pylon  
  22  2:17  Twilight Council  
  22  2:19  Zealot  
  22  2:39  Gateway  
  22  2:55  Dark Shrine  
  22  2:56  Probe  
  23  3:09  Probe  
  22  3:49  Pylon  
Show
View Real Time Build Order
Export as new Build Order

Massa Terran - Winner!

Build Orders:  

Get SALT Encoding   

  12  0:00  SCV  
  13  0:12  SCV  
  14  0:22  Supply Depot  
  14  0:24  SCV  
  15  0:31  Refinery  
  15  0:43  Refinery, SCV  
  16  0:56  Barracks  
  16  1:00  SCV  
  17  1:15  Barracks  
  17  1:18  SCV  
  18  1:30  SCV  
  18  1:32  Supply Depot  
  19  1:42  SCV  
  19  1:44  Barracks Tech Lab  
  20  2:00  Orbital Command  
  20  2:02  Barracks Tech Lab  
  20  2:05  Marauder  
  22  2:09  Concussive Shells  
  22  2:22  Bunker  
  24  2:23  Marauder  
  24  2:31  Marauder  
  28  2:44  Marauder  
  28  2:53  Marauder  
  30  3:03  Bunker  
  30  3:11  Supply Depot  
  30  3:33  Marauder x2  
  34  3:42  Bunker  
Show
View Real Time Build Order
Export as new Build Order

qqq Zerg - Winner!

Build Orders: Pool First 

Get SALT Encoding   

  12  0:01  Drone  
  13  0:10  Drone  
  14  0:28  Spawning Pool  
  14  0:30  Drone  
  14  0:39  Overlord  
  14  1:05  Hatchery  
  13  1:15  Zergling x2  
  13  1:16  Zergling x4  
  16  1:28  Zergling x2  
  16  1:31  Extractor  
  16  1:39  Zergling x2  
  17  1:57  Zergling x2  
  18  2:03  Zergling x2  
  19  2:12  Zergling x2  
  20  2:16  Queen  
  20  2:19  Drone  
  24  2:22  Zergling x2  
  22  2:38  Zergling x2  
  23  2:50  Drone  
  24  2:55  Spine Crawler  
  24  2:56  Zergling x2  
  24  2:59  Drone, Zergling x4  
  23  3:36  Zergling x2  
  23  3:37  Zergling x4  
  23  3:38  Zergling x4  
Tags
 
Add a new tag
Caveats
  • Supply blocks, unpowered buildings, or Contaminate may cause inaccurate times.
  • Supply counts are checked every 10 seconds.